 Dungeon Crawl Stone Soup version 0.15-a0-110-gb05c47c (webtiles) character file.

611399 4tharraofdagon the Wrestler (level 23, -7/221 (227) HPs)
             Began as a Troll Monk on Apr 8, 2014.
             Was the Champion of the Shining One.
             Killed by divine providence
             ... invoked by a balrug
              (15 damage)
             ... on Level 5 of a ziggurat on Apr 10, 2014.
             The game lasted 05:51:04 (34402 turns).

4tharraofdagon the Wrestler (Troll Monk)           Turns: 34402, Time: 05:51:04

HP  -7/221 (227) AC 47     Str 27      XL: 23   Next: 16%
MP  30/30        EV  3     Int  8 (11) God: the Shining One [******]
Gold 1435        SH 44     Dex 13      Spells:  3 memorised, 23 levels left

rFire  + + +     SeeInvis .       - Unarmed
rCold  + + .     Clarity  .     y - +6 gold dragon armour
rNeg   + + +     Conserve +     D - +1 large shield {AC+3}
rPois  +         rCorr    +     W - +2 hat {rF+}
rElec  .         rRot     .     T - +2 cloak {rCorr, Cons} (curse)
SustAb . .       Spirit   .     (gloves unavailable)
rMut   +         Warding  .     (boots unavailable)
Gourm  +         Stasis   .     o - amulet of resist mutation
MR     +....                    J - ring of Greed {rF+ Dex+2 Acc+3}
                                w - cursed +6 ring of protection

@: lethally poisoned, glowing, somewhat resistant to hostile enchantments,
extremely unstealthy
A: unfitting armour, claws 3, rough black scales 1, cold resistance 1, fast
metabolism 3, gourmand, regeneration 2, saprovore 2, screaming 1, shaggy fur 1,
tough skin 2
a: Divine Shield, Cleansing Flame, Summon Divine Warrior, Renounce Religion
}: 9/15 runes: decaying, serpentine, slimy, abyssal, demonic, glowing, magical,
fiery, dark


You were on level 5 of a ziggurat.
You worshipped the Shining One.
The Shining One was exalted by your worship.
You were very full.

You visited 9 branches of the dungeon, and saw 50 of its levels.
You visited Pandemonium 1 time, and saw 32 of its levels.
You visited the Abyss 4 times.
You visited 1 bazaar.
You visited 1 Ziggurat, and saw 5 of its levels.
You also visited: Labyrinth, Sewer, Ice Cave, Volcano and Wizlab.

You collected 3988 gold pieces.
You spent 2553 gold pieces at shops.

Inventory:

Armour
 k - a cursed +3 storm dragon armour
 y - a +6 gold dragon armour (worn)
 D - a +1 large shield of protection (worn)
 T - a cursed +2 cloak of preservation (worn)
 W - a +2 hat of fire resistance (worn)
Magical devices
 m - a wand of digging (4)
 s - a wand of hasting (2)
 t - a wand of teleportation (7)
 u - a wand of disintegration (2)
 x - a wand of teleportation (3)
 C - a wand of digging (11)
 I - a wand of digging (10)
 Q - a wand of teleportation (8)
Comestibles
 a - 4 royal jellies
 f - 8 meat rations
 v - 9 bread rations
Scrolls
 c - 3 scrolls of vulnerability
 d - 14 scrolls of remove curse
 r - 3 scrolls of fog
 K - a scroll of recharging
 M - 2 scrolls of noise
 O - 2 scrolls of teleportation
 R - 3 scrolls of magic mapping
 S - 2 scrolls of blinking
 Z - a scroll of silence
Jewellery
 b - an uncursed amulet of rage
 o - an amulet of resist mutation (around neck)
 w - a cursed +6 ring of protection (left claw)
 B - a cursed ring of teleportation
 F - an uncursed amulet of the gourmand
 G - a cursed ring of regeneration
 H - an uncursed amulet of clarity
 J - the ring of Greed (right claw) {rF+ Dex+2 Acc+3}
   (You found it in Pandemonium)

   [ring of protection from fire]

   It affects your dexterity (+2).
   It affects your accuracy with ranged weapons and melee attacks (+3).
   It protects you from fire.
 N - an uncursed ring of poison resistance
Potions
 e - 4 potions of might
 h - 8 potions of curing
 i - a potion of degeneration {unknown}
 n - 3 potions of heal wounds
 p - 3 potions of agility
 z - a potion of flight
 E - 4 potions of restore abilities
 P - 3 potions of magic
 X - a potion of berserk rage
 Y - 4 potions of brilliance
Books
 L - a book of the Sky

   Spells                             Type                      Level
   Flight                             Charms/Air                   3
   Airstrike                          Air                          4
   Silence                            Hexes/Air                    5
   Deflect Missiles                   Charms/Air                   6
   Conjure Ball Lightning             Conjuration/Air              6
   Tornado                            Air                          9
 V - a book of the Warp

   Spells                             Type                      Level
   Control Teleport                   Charms/Translocation         4
   Phase Shift                        Translocation                5
   Warp Weapon                        Charms/Translocation         5
   Summon Forest                      Summoning/Translocation      5
   Dispersal                          Translocation                6
   Controlled Blink                   Translocation                7
   Disjunction                        Translocation                8
Magical staves
 q - a cursed staff of energy
Miscellaneous
 g - a lamp of fire
 j - a lamp of fire
 l - a lamp of fire
 A - a fan of gales
 U - a lamp of fire


   Skills:
 + Level 13.0 Fighting
 - Level 14.0 Armour
 - Level 2.4 Dodging
 - Level 1.1 Stealth
 - Level 16.0 Shields
 * Level 25.5 Unarmed Combat
 - Level 3.0 Spellcasting
 - Level 3.4 Translocations
 * Level 9.1 Invocations
 - Level 10.0 Evocations


You had 23 spell levels left.
You knew the following spells:

 Your Spells              Type           Power        Failure   Level  Hunger
a - Apportation           Tloc           #.........   100%        1    ##.....
b - Repel Missiles        Chrm/Air       #.....       100%        2    ###....
c - Shroud of Golubria    Chrm/Tloc      #.........   100%        2    ###....


Dungeon Overview and Level Annotations

Branches:
Dungeon (15/15)            Temple (1/1) D:5             Orc (4/4) D:9
    Elf (3/3) Orc:4          Lair (8/8) D:11          Swamp (5/5) Lair:3
  Snake (5/5) Lair:5        Slime (6/6) Lair:6       Vaults (0/5) D:13
 Depths (3/5) D:15

Altars:
Ashenzari
Cheibriados
Dithmenos
Elyvilon
Fedhas
Makhleb
Okawaru
Sif Muna
Trog
Vehumet
Xom
Yredelemnul
Zin
The Shining One
Beogh
Jiyva
Lugonu

Shops:
D:6 *   D:13 [   Orc:4 (([*:   Depths:1 %   Depths:2 ?

Portals:
Hell: Depths:2
Pandemonium: Depths:1

Annotations:
D:10 Sonja
Lair:4 exclusion: oklob plant
Snake:2 Vashnia
Depths:3 the Enchantress


Innate Abilities, Weirdness & Mutations

You are too large for most types of armour.
You have claws for hands.
Your metabolism is lightning-fast.
You like to eat raw meat.
You heal very quickly.
You can eat rotten meat.
You are covered in fur (AC +1).
You have very tough skin (AC +2).
You are partially covered in rough black scales (AC +4, Dex -1).
Your flesh is cold resistant.
You occasionally shout uncontrollably.


Message History

You are poisoned.
You block the hell hound's attack.
Unknown command.
You claw the balrug!
The balrug is moderately wounded.
You feel sick. You block the hell hound's attack.
The tormentor calls on the powers of darkness!
Your body is wracked with pain!
* * * LOW HITPOINT WARNING * * *
The hellion gestures at you.
The hellfire explodes!
The burst of hellfire engulfs you!
* * * LOW HITPOINT WARNING * * *
The burst of hellfire engulfs the human zombie.
The burst of hellfire engulfs the hell hound.
The hell hound completely resists.
The burst of hellfire engulfs the balrug.
The balrug completely resists.
You block the human zombie's attack. The balrug gestures at you.
Something smites you!
You die...

▓▓▓▓▓▓▓▓▓▓
▓▓.........
▓▓..........
▓▓h2....#.2..|
▓@z22..###..22
▓▓2.....#.....
▓▓..........
▓▓.........
▓▓▓▓▓▓▓▓▓▓


You could see 2 balrugs, a hellion, a tormentor, a hell hound and a human
zombie.

Vanquished Creatures
  the royal jelly (Slime:6)
  Ignacio (Pan)
  2 pandemonium lords (Pan)
  the Lernaean hydra (Swamp:5)
  A bone dragon (Depths:2)
  3 Brimstone Fiends (Pan)
  A hellephant (Zig:2)
  A Hell Sentinel (Pan)
  2 Ice Fiends
  A deep elf blademaster (Elf:3)
  2 titans (Pan)
  2 deep elf master archers (Elf:3)
  A sphinx (Zig:1)
  10 acid blobs
  A storm dragon (Pan)
  24 Executioners
  6 tentacled starspawn
  Rupert (Swamp:1)
  Frances (Swamp:5)
  A revenant (Abyss:3)
  5 greater nagas (Snake:5)
  2 azure jellies
  3 black suns (Pan)
  An orc warlord (Orc:4)
  33 large abominations
  9 balrugs
  3 deep elf sorcerers
  A fire giant (Depths:1)
  3 emperor scorpions
  An octopode crusher (Depths:2)
  A ghost moth (Depths:2)
  10 cacodemons
  4 warmongers (Pan)
  2 draconian annihilators (Pan)
  3 blood saints (Pan)
  4 reapers (Pan)
  8 deep elf demonologists
  6 stone giants
  2 green draconians (Depths:2)
  4 corrupters (Pan)
  10 starcursed masses (Abyss:3)
  A lorocyproca (Pan)
  4 chaos champions (Pan)
  3 rakshasas (Abyss:3)
  A white draconian (Abyss:3)
  5 deep elf annihilators
  A dire elephant (Depths:2)
  An eidolon (Abyss:3)
  5 deep elf death magi (Elf:3)
  5 death oozes (Slime:6)
  7 blizzard demons (Pan)
  2 jiangshi
  2 fire dragons
  2 merfolk impalers (Depths:2)
  8 green deaths
  Josephine (Swamp:1)
  2 deep elf high priests (Elf:3)
  2 sirens (Depths:2)
  A spriggan air mage (Depths:2)
  3 great orbs of eyes (Slime:6)
  Fannar (Lair:5)
  An ice dragon (Depths:2)
  2 yaktaur captains
  7 naga warriors
  2 shambling mangroves (Swamp:2)
  16 monstrous demonspawn (Pan)
  10 hydras
  2 dancing weapons (D:13)
  A merfolk aquamancer (Depths:2)
  16 death yaks
  5 anacondas
  2 alligators
  3 vampire magi
  5 centaur warriors
  3 naga sharpshooters (Snake:5)
  A plague shambler (D:15)
  6 shock serpents
  Urug (D:11)
  6 thrashing horrors
  3 spriggans
  2 tengu warriors
  A spectral elf (Elf:3)
  An iron troll (D:10)
  5 very ugly things
  6 orc high priests
  A catoblepas (Depths:2)
  2 hell hogs
  7 soul eaters
  6 wretched stars
  3 orb spiders (Depths:2)
  2 spatial maelstroms
  A salamander mystic (Snake:5)
  2 skeletal warriors
  8 shadow wraiths
  2 hell beasts
  11 deep elf knights
  22 gelid demonspawn (Pan)
  10 sun demons
  5 unseen horrors
  4 shadow demons (Pan)
  A spriggan druid (Swamp:4)
  A deep troll (D:10)
  7 orc knights
  3 naga ritualists
  10 ice devils
  13 infernal demonspawn (Pan)
  14 putrid demonspawn (Pan)
  An unseen horror (shapeshifter) (Zig:3)
  An ice statue (IceCv)
  9 swamp dragons
  9 deep elf summoners
  10 torturous demonspawn (Pan)
  A flayed ghost (D:15)
  3 hellions
  A hill giant (Depths:2)
  Joseph (D:10)
  3 griffons
  3 red wasps
  3 flaming corpses
  8 deep elf conjurers
  4 lindwurms
  2 stone giant zombies
  A shining eye (shapeshifter) (Depths:2)
  2 worldbinders
  4 shining eyes
  27 sixfirhies
  4 mana vipers
  A necromancer (D:15)
  A wizard (Pan)
  7 salamanders
  7 orc sorcerers
  2 manticores
  2 guardian serpents
  7 cyclopes
  19 elephants
  A frost giant skeleton (Pan)
  An elephant (shapeshifter) (Depths:2)
  24 smoke demons
  34 black mambas
  2 molten gargoyles (Volcano)
  3 eyes of devastation
  2 gargoyles (Volcano)
  35 orange demons
  A demonspawn zombie (Pan)
  An apocalypse crab (Abyss:3)
  14 spiny frogs
  12 naga magi
  2 fire drakes
  6 kobold demonologists
  2 tormentors
  25 hellwings
  2 yaktaurs (Depths:1)
  5 freezing wraiths
  4 demonic crawlers
  11 small abominations
  7 iron devils
  A yaktaur (shapeshifter) (D:14)
  5 ancient zymes
  A minotaur zombie (D:15)
  4 anaconda simulacra (IceCv)
  A hydra zombie (D:14)
  8 efreet
  7 deep elf priests
  8 komodo dragons
  13 trolls
  A jumping spider (Elf:1)
  3 golden dragon simulacra
  4 guardian mummies (Zig:4)
  6 giant fireflies
  A centaur skeleton (D:13)
  A polar bear (Lair:5)
  2 tengu conjurers
  8 red devils (Pan)
  6 giant leeches
  13 brown oozes
  15 blue devils
  A hydra skeleton (Swamp:1)
  4 raiju
  A queen bee (D:13)
  A very ugly thing zombie (D:15)
  13 bog bodies
  A slime creature (shapeshifter) (D:15)
  12 blink frogs
  9 ravens
  14 deep elf magi
  21 slime creatures
  5 basilisks
  A boulder beetle (Lair:8)
  A tarantella (shapeshifter) (D:14)
  A grizzly bear (Lair:8)
  8 redbacks
  2 tarantellas
  3 ettin skeletons (Pan)
  4 shadows
  3 fire bats (Abyss:1)
  17 ugly things
  3 dire elephant simulacra (IceCv)
  19 neqoxecs
  A water elemental (Depths:2)
  2 hill giant zombies
  2 vampires (Depths:2)
  4 fire elementals (Volcano)
  32 yaks
  3 wraiths
  4 elephant slugs (Lair:8)
  4 sharks
  2 spriggan zombies
  2 wyverns
  19 ynoxinuls
  Grum (Orc:2)
  5 chaos spawn
  12 deep elf fighters
  2 hogs (Elf:3)
  A death yak simulacrum (IceCv)
  7 vampire mosquitoes
  9 hippogriffs
  A hungry ghost (D:9)
  2 gelid demonspawn zombies (Pan)
  A raven zombie (Swamp:1)
  11 wolves
  4 harpy simulacra (IceCv)
  3 monstrous demonspawn zombies (Pan)
  2 wargs
  Edmund (D:4)
  A spatial vortex (Abyss:1)
  Menkaure (D:5)
  An infernal demonspawn zombie (Pan)
  A necrophage (D:9)
  44 nagas
  3 soldier ants
  3 hell hounds (Abyss:3)
  4 hydra simulacra
  12 swamp worms
  6 sky beasts
  A mottled dragon (D:12)
  33 water moccasins
  38 orc warriors
  9 porcupines
  An ogre skeleton (D:15)
  11 swamp drakes
  2 black bears
  An ice beast (D:6)
  2 giant goldfish
  4 phantoms
  9 ogres
  3 ettin simulacra (IceCv)
  3 boring beetles
  Duvessa (D:4)
  9 big kobolds
  15 centaurs
  12 giant slugs
  4 brain worms (Lair:8)
  11 crocodiles
  21 giant frogs
  2 cyclops zombies
  28 killer bees
  A troll zombie (D:11)
  6 eyes of draining
  A giant goldfish zombie (D:5)
  4 scorpions
  A shapeshifter zombie (D:15)
  An elf skeleton (D:15)
  12 wights
  5 quasits
  5 electric eels
  A hippogriff skeleton (D:11)
  Dowan (D:4)
  A centaur zombie (D:15)
  4 crimson imps
  A black bear zombie (D:5)
  A giant frog zombie (D:15)
  4 iron imps
  29 orc priests
  2 goliath beetles
  27 orc wizards
  2 elf zombies (D:15)
  6 jellies
  Crazy Yiuf (D:4)
  A gnoll shaman (D:7)
  A basilisk skeleton (D:11)
  9 hounds
  12 worker ants
  5 big fish
  3 orange rats
  4 iguanas
  A spriggan simulacrum (IceCv)
  A polar bear simulacrum (IceCv)
  5 troll simulacra (IceCv)
  28 sheep
  A wolf simulacrum (IceCv)
  A centaur simulacrum (IceCv)
  A crocodile skeleton (D:7)
  2 big kobold skeletons
  6 mummies (Zig:4)
  4 ogre simulacra (IceCv)
  26 green rats
  A scorpion zombie (D:6)
  4 gnolls (D:7)
  3 shadow imps
  3 naga simulacra (IceCv)
  25 adders
  A giant mite (D:5)
  16 white imps
  19 worms
  28 ufetubi
  2 giant eyeballs
  10 giant geckos
  2 oozes
  160 orcs
  12 bats
  A bat zombie (D:5)
  13 hobgoblins
  13 jackals
  30 kobolds
  5 quokkas
  5 ball pythons
  2 giant cockroaches (D:5)
  2 giant newts
  9 goblins
  A goblin skeleton (D:5)
  A jackal zombie (D:5)
  2 kobold skeletons
  A kobold zombie (D:7)
  An orc skeleton (Orc:4)
  8 orc zombies
  35 rats
  A rat zombie (D:5)
  6 ballistomycetes
  A butterfly (Lair:5)
  2 fungi
  2 grand avatars (Pan)
  2 plants (Lair:8)
  A starspawn tentacle (Abyss:3)
2156 creatures vanquished.

Vanquished Creatures (collateral kills)
  A Hellbinder (WizLab)
  A deep elf blademaster (Elf:3)
  A lich (Depths:2)
  A sphinx (Elf:3)
  An Executioner (Depths:2)
  Kirke (Elf:3)
  The ghost of sohrabkorkchi the Cleaver, a powerful LOFi of Makhleb (Depths:2)
  A deep elf demonologist (Elf:3)
  A deep elf death mage (Elf:3)
  A minotaur (Lab)
  A jiangshi (D:15)
  A spriggan air mage (Depths:2)
  A rakshasa (Abyss:3)
  An alligator (Swamp:3)
  4 hydras
  A spriggan berserker (Depths:2)
  A spectral elf (Elf:3)
  A soul eater (WizLab)
  A deep elf knight (Elf:3)
  A wretched star (Abyss:3)
  An orb spider (Depths:2)
  A giant orange brain (Depths:2)
  A wizard (Depths:2)
  A swamp dragon (Swamp:5)
  A deep elf conjurer (Elf:3)
  A harpy (Depths:2)
  A manticore (Depths:1)
  A black mamba (Lair:6)
  An elephant (Lair:8)
  An orange demon (Elf:3)
  A spiny frog (Lair:6)
  A komodo dragon (Lair:8)
  2 giant fireflies (Swamp:2)
  2 bog bodies (Swamp:5)
  2 blink frogs (Lair:8)
  A ynoxinul (WizLab)
  2 spriggans (Swamp:2)
  2 hogs (Elf:3)
  2 deep elf fighters (Elf:3)
  A swamp worm (Swamp:3)
  A water moccasin (Swamp:3)
  3 swamp drakes (Swamp:5)
  An ice beast (D:15)
  A giant frog (Lair:6)
  An orc priest (D:10)
  A green rat (Lair:3)
  3 ufetubi (WizLab)
  A giant eyeball (Depths:2)
  A kobold (D:15)
  A fungus (Swamp:5)
63 creatures vanquished.

Vanquished Creatures (others)
  A draconian annihilator (Pan)
  A balrug (Depths:1)
  A hydra (Swamp:5)
  4 holy swine (Pan)
  2 large abominations
  A sixfirhy (Pan)
  A guardian serpent (Snake:4)
  An orange demon (D:15)
  A red devil (Pan)
  11 fire elementals
  A fire vortex (Volcano)
  A bog body (Swamp:5)
  2 deep elf magi
  A redback (Depths:2)
  2 neqoxecs
  A human (Elf:3)
  4 air elementals
  A water moccasin (Swamp:2)
  2 swamp drakes (Swamp:5)
  A centaur (D:15)
  2 giant frogs
  3 quasits
  An iguana (Lair:3)
  A shadow imp (Lair:7)
  An ufetubus (Lair:8)
  2 giant spores
  A lurking horror (Abyss:3)
  An orc (D:7)
  2 orc zombies (Orc:4)
  2 fungi
  3 plants
  17 starspawn tentacles
  A starspawn tentacle segment (Abyss:1)
77 creatures vanquished.

Grand Total: 2296 creatures vanquished

Notes
Turn   | Place    | Note
--------------------------------------------------------------
     0 | D:1      | 4tharraofdagon, the Troll Monk, began the quest for the Orb.
     0 | D:1      | Reached XP level 1. HP: 22/22 MP: 1/1
    83 | D:2      | Found a shattered altar of Ashenzari.
   149 | D:2      | Reached XP level 2. HP: 22/29 MP: 1/1
   203 | D:3      | Reached skill level 5 in Unarmed Combat
   215 | D:3      | Reached XP level 3. HP: 34/36 MP: 2/2
   227 | D:4      | Noticed a phantom
   250 | D:4      | Killed a phantom
   250 | D:4      | Reached skill level 6 in Unarmed Combat
   250 | D:4      | Reached XP level 4. HP: 18/44 MP: 2/2
   341 | D:4      | Found a shadowy altar of Dithmenos.
   382 | D:4      | Noticed Edmund
   398 | D:4      | Killed Edmund
   398 | D:4      | Reached skill level 7 in Unarmed Combat
   398 | D:4      | Reached XP level 5. HP: 28/50 MP: 2/2
   431 | D:4      | Reached XP level 6. HP: 36/59 MP: 3/3
   511 | D:4      | Noticed Dowan
   512 | D:4      | Noticed Duvessa
   525 | D:4      | Killed Duvessa
   527 | D:4      | Killed Dowan
   553 | D:4      | Noticed Crazy Yiuf
   555 | D:4      | Killed Crazy Yiuf
   555 | D:4      | Reached skill level 8 in Unarmed Combat
   574 | D:5      | Entered Level 5 of the Dungeon
   574 | D:5      | Found a staircase to the Ecumenical Temple.
   628 | Temple   | Entered the Ecumenical Temple
   640 | Temple   | :(
   646 | Temple   | Became a worshipper of Makhleb the Destroyer
   646 | Temple   | Acquired Makhleb's first power
   646 | Temple   | Acquired Makhleb's second power
   728 | D:5      | Found a glowing drain.
   746 | Sewer    | Entered a sewer
   831 | Sewer    | Reached XP level 7. HP: 66/66 MP: 3/3
   948 | Sewer    | Reached skill level 1 in Invocations
   968 | Sewer    | Reached skill level 9 in Unarmed Combat
  1021 | Sewer    | Acquired Makhleb's third power
  1116 | D:5      | Found a radiant altar of Vehumet.
  1337 | D:5      | Noticed Menkaure
  1345 | D:5      | Killed Menkaure
  1345 | D:5      | Reached XP level 8. HP: 74/74 MP: 5/6
  1374 | D:5      | Acquired Makhleb's fourth power
  1414 | D:5      | Found an iron altar of Okawaru.
  1437 | D:5      | Reached skill level 10 in Unarmed Combat
  1488 | D:6      | Found a snail-covered altar of Cheibriados.
  1503 | D:6      | Found Waopakysch's General Store.
  1781 | D:7      | Reached skill level 11 in Unarmed Combat
  1830 | D:7      | Reached XP level 9. HP: 37/80 MP: 10/10
  1942 | D:8      | Learned a level 1 spell: Apportation
  1959 | D:8      | Acquired Makhleb's fifth power
  2057 | D:8      | Reached skill level 1 in Spellcasting
  2057 | D:8      | Reached skill level 1 in Translocations
  2098 | D:8      | Reached skill level 12 in Unarmed Combat
  2315 | D:9      | Reached skill level 1 in Shields
  2382 | D:10     | Entered Level 10 of the Dungeon
  2522 | D:10     | Reached XP level 10. HP: 88/88 MP: 11/11
  2637 | D:10     | Noticed Joseph
  2654 | D:10     | Killed Joseph
  2774 | D:10     | Noticed a deep troll
  2787 | D:10     | Killed a deep troll
  2787 | D:10     | Reached skill level 13 in Unarmed Combat
  2799 | D:10     | HP: 4/88 [troll (6)]
  2814 | D:10     | Reached skill level 5 in Invocations
  2958 | D:10     | Noticed Sonja
  2995 | D:10     | Noticed an iron troll
  3010 | D:10     | Killed an iron troll
  3235 | D:11     | Reached XP level 11. HP: 79/94 MP: 13/13
  3244 | D:11     | Noticed a cyclops
  3279 | D:11     | Reached skill level 14 in Unarmed Combat
  3361 | D:11     | Noticed a cyclops
  3393 | D:11     | Killed a cyclops
  3412 | D:11     | Found a deep blue altar of Sif Muna.
  3457 | D:11     | Noticed a cyclops
  3461 | D:11     | Killed a cyclops
  3489 | D:11     | Noticed Urug
  3497 | D:11     | Killed Urug
  3520 | D:11     | Found a staircase to the Lair.
  3571 | Lair:1   | Entered Level 1 of the Lair of Beasts
  3603 | Lair:1   | Reached skill level 5 in Shields
  3672 | Lair:1   | Found a labyrinth entrance.
  3720 | Lab      | Entered a labyrinth
  3921 | Lab      | Noticed a minotaur
  3938 | Lab      | Killed a minotaur
  3938 | Lab      | Reached skill level 15 in Unarmed Combat
  4040 | Lair:3   | Reached skill level 1 in Armour
  4048 | Lair:3   | :(
  4297 | Lair:5   | Reached XP level 12. HP: 86/104 MP: 15/15
  4502 | Lair:5   | Noticed a four-headed hydra
  4515 | Lair:5   | Reached skill level 5 in Armour
  4552 | Lair:5   | Found a staircase to the Snake Pit.
  4754 | Lair:5   | Noticed Fannar
  4784 | Lair:5   | Killed Fannar
  4822 | Lair:5   | Found a dark tunnel.
  4841 | Volcano  | Entered a volcano
  5592 | Lair:7   | Identified a scroll of acquirement
  5597 | Lair:7   | Identified a +1 cloak of preservation (You acquired it on level 7 of the Lair of Beasts)
  5666 | Lair:7   | Reached XP level 13. HP: 99/110 MP: 16/16
  5778 | Lair:8   | Entered Level 8 of the Lair of Beasts
  6056 | Lair:8   | Reached skill level 1 in Evocations
  6522 | Lair:8   | Reached skill level 10 in Armour
  7339 | Lair:7   | Noticed a four-headed hydra
  7359 | Lair:7   | Killed a four-headed hydra
  7455 | Lair:7   | Reached XP level 14. HP: 118/118 MP: 16/16
  8173 | D:11     | Killed a cyclops
  8630 | D:6      | Bought a scroll of acquirement for 624 gold pieces
  8630 | D:6      | Bought an uncursed ring of regeneration for 360 gold pieces
  8630 | D:6      | Bought a potion of heal wounds for 36 gold pieces
  8630 | D:6      | Bought a scroll of teleportation for 36 gold pieces
  8650 | D:6      | Bought a scroll of silence for 90 gold pieces
  8856 | D:13     | Found Etaunihoi's Antique Armour Shoppe.
  9001 | D:13     | Found a gate to the Vaults.
  9044 | D:13     | Gained mutation: Your flesh is cold resistant. [mutagenic meat]
  9046 | D:13     | Gained mutation: You are partially covered in rough black scales (AC +4, Dex -1). [mutagenic meat]
  9054 | D:13     | Found a flickering gateway to a bazaar.
  9059 | Bazaar   | Entered a bazaar
  9059 | Bazaar   | Found Bluwubit's Distillery.
  9059 | Bazaar   | Found Cig Uham's Magic Scroll Emporium.
  9059 | Bazaar   | Found Ybachify's Antique Weapon Shop.
  9060 | Bazaar   | Found Deskich's Food Shoppe.
  9061 | Bazaar   | Found Jowky's Assorted Antiques.
  9061 | Bazaar   | Found Qaqit's Antique Armour Boutique.
  9081 | Bazaar   | Bought a potion of heal wounds for 39 gold pieces
  9081 | Bazaar   | Bought a potion of curing for 26 gold pieces
  9081 | Bazaar   | Bought a potion of lignification for 26 gold pieces
  9081 | Bazaar   | Bought a potion of haste for 91 gold pieces
  9081 | Bazaar   | Bought a potion of haste for 91 gold pieces
  9259 | D:13     | Reached skill level 5 in Evocations
  9458 | D:15     | Entered Level 15 of the Dungeon
  9561 | D:15     | Found a staircase to the Depths.
 10157 | D:9      | Found a staircase to the Orcish Mines.
 10199 | Orc:1    | Entered Level 1 of the Orcish Mines
 10367 | Orc:2    | Noticed Grum
 10413 | Orc:2    | Killed Grum
 11081 | Orc:3    | Found a roughly hewn altar of Beogh.
 11150 | Orc:2    | Found a shimmering altar of Xom.
 11420 | Orc:4    | Entered Level 4 of the Orcish Mines
 11440 | Orc:4    | Found Chaiteah's Weapon Shop.
 11522 | Orc:4    | Found a staircase to the Elven Halls.
 11957 | Orc:4    | Reached skill level 10 in Shields
 12026 | Orc:4    | Noticed an orc warlord
 12075 | Orc:4    | Killed an orc warlord
 12325 | Orc:4    | Paralysed by an orc sorcerer for 5 turns
 12424 | Orc:4    | Found Vuash's General Store.
 12451 | Orc:4    | Found Okiunouc's Book Shoppe.
 12453 | Orc:4    | Found Aberph's Antique Armour Emporium.
 12453 | Orc:4    | Found Ushe's Antique Weapon Emporium.
 12627 | Orc:4    | Reached XP level 15. HP: 94/124 MP: 15/20
 12646 | Elf:1    | Entered Level 1 of the Elven Halls
 12791 | Elf:2    | Found a magical portal.
 12823 | WizLab   | Entered a wizard's laboratory
 12903 | WizLab   | Gained mutation: You are weak. (Str -2) [a cacodemon]
 12991 | WizLab   | Noticed a Hell Sentinel
 13097 | WizLab   | Noticed Schetabla
 13105 | WizLab   | Killed Schetabla the Hellbinder
 13106 | WizLab   | Found a burning altar of Makhleb.
 13129 | WizLab   | Identified the Guide on the Twisted Escort (You found it in a wizard's laboratory)
 13170 | WizLab   | Identified the Grimoire of Superiority (You found it in a wizard's laboratory)
 13334 | Elf:3    | Entered Level 3 of the Elven Halls
 13653 | Elf:3    | Reached skill level 16 in Unarmed Combat
 13666 | Elf:3    | Noticed a deep elf master archer
 13692 | Elf:3    | Killed a deep elf master archer
 13786 | Elf:3    | Cast into the Abyss (deep elf sorcerer)
 13807 | Abyss:2  | Found a corrupted altar of Lugonu.
 13825 | Elf:3    | Escaped the Abyss
 13886 | Elf:3    | Noticed a deep elf blademaster
 13902 | Elf:3    | Killed a deep elf blademaster
 13911 | Elf:3    | Noticed a deep elf master archer
 13930 | Elf:3    | Killed a deep elf master archer
 14134 | Elf:3    | Got a pitted iron ring
 14136 | Elf:3    | Identified the ring of the Four Planets {Hunger Dex+4 Acc-4} (You took it off a deep elf death mage on level 3 of the Elven Halls)
 14152 | Elf:3    | Noticed a deep elf blademaster
 14175 | Elf:3    | Killed a deep elf blademaster
 14276 | Elf:3    | Noticed a Shadow Fiend
 14383 | Elf:3    | Reached XP level 16. HP: 111/132 MP: 20/20
 14554 | Elf:3    | Reached skill level 17 in Unarmed Combat
 14669 | Elf:3    | Noticed Kirke
 14845 | Elf:3    | Noticed a Brimstone Fiend
 14846 | Elf:3    | Cast into the Abyss (deep elf demonologist)
 14974 | Abyss:1  | Noticed a tentacled starspawn
 14998 | Abyss:1  | Killed a tentacled starspawn
 15139 | Abyss:1  | Noticed a tentacled starspawn
 15159 | Abyss:1  | Killed a tentacled starspawn
 15193 | Elf:3    | Escaped the Abyss
 15200 | Elf:3    | Noticed a Hell Sentinel
 15226 | Elf:3    | Identified a +2 rod of destruction (14/14) (You took it off a deep elf demonologist on level 3 of the Elven Halls)
 15288 | Elf:3    | Killed Kirke
 15945 | Elf:3    | Identified a +2 rod of striking (14/14) (You took it off a deep elf death mage on level 3 of the Elven Halls)
 16705 | D:14     | Found a white marble altar of Elyvilon.
 17300 | D:15     | HP: 2/131 [balrug/runed demon whip[the player character] (9)]
 17885 | D:15     | Lost mutation: You are weak. (Str -2) [mutagenic meat]
 18100 | Depths:1 | Entered Level 1 of the Depths
 18207 | Depths:1 | Found Jupir's Food Shop.
 18239 | Depths:3 | Noticed the Enchantress
 18288 | Depths:2 | Reached skill level 15 in Shields
 18288 | Depths:2 | Reached XP level 17. HP: 137/139 MP: 21/21
 18355 | Depths:2 | Found a gateway to a ziggurat.
 18357 | Depths:2 | Noticed sohrabkorkchi's ghost (powerful LOFi)
 18370 | Depths:2 | Paralysed by a giant eyeball for 2 turns
 18371 | Depths:2 | Killed sohrabkorkchi's ghost
 18375 | Depths:2 | Paralysed by a giant eyeball for 3 turns
 18386 | Depths:2 | Paralysed by a giant eyeball for 4 turns
 18662 | Depths:2 | Paralysed by a giant eyeball for 4 turns
 18826 | Depths:2 | Found Nac Doymehe's Magic Scroll Boutique.
 18826 | Depths:2 | Noticed a lich
 18839 | Depths:2 | Killed a lich
 18855 | Depths:2 | Bought a scroll of enchant armour for 105 gold pieces
 18855 | Depths:2 | Bought a scroll of recharging for 133 gold pieces
 18855 | Depths:2 | Bought a scroll of acquirement for 728 gold pieces
 18887 | Depths:2 | Bought a scroll of teleportation for 42 gold pieces
 18887 | Depths:2 | Bought a scroll of teleportation for 42 gold pieces
 18887 | Depths:2 | Bought a scroll of identify for 28 gold pieces
 18887 | Depths:2 | Bought a scroll of identify for 28 gold pieces
 18887 | Depths:2 | Bought a scroll of identify for 28 gold pieces
 18895 | Depths:2 | Found a gateway to Hell.
 19262 | Depths:2 | Cast into the Abyss (deep elf sorcerer)
 19290 | Abyss:1  | Reached skill level 18 in Unarmed Combat
 19355 | Abyss:1  | Paralysed by a giant eyeball for 4 turns
 19662 | Abyss:3  | Found a corrupted altar of Lugonu.
 19800 | Abyss:3  | Learned a level 2 spell: Repel Missiles
 19804 | Abyss:3  | Learned a level 2 spell: Shroud of Golubria
 20041 | Abyss:3  | Noticed a hellephant
 20325 | Abyss:3  | Reached XP level 18. HP: 152/152 MP: 22/22
 20433 | Abyss:3  | Noticed a profane servitor
 20441 | Abyss:3  | Found a corrupted altar of Lugonu.
 20450 | Abyss:3  | Identified a +8 rod of ignition (11/11) (You found it on level 3 of the Abyss)
 20539 | Abyss:3  | Reached skill level 19 in Unarmed Combat
 20589 | Abyss:3  | Got an abyssal rune of Zot
 20609 | Abyss:3  | Found a corrupted altar of Lugonu.
 20614 | Abyss:3  | Found a shimmering altar of Xom.
 20614 | Abyss:3  | Found a shimmering altar of Xom.
 20614 | Abyss:3  | Found a shimmering altar of Xom.
 20614 | Abyss:3  | Found a shimmering altar of Xom.
 20616 | Abyss:3  | Found a shimmering altar of Xom.
 20616 | Abyss:3  | Found a shimmering altar of Xom.
 20616 | Abyss:3  | Found a shimmering altar of Xom.
 20617 | Abyss:3  | Found a corrupted altar of Lugonu.
 20617 | Abyss:3  | Found a shimmering altar of Xom.
 20617 | Abyss:3  | Found a shimmering altar of Xom.
 20617 | Abyss:3  | Found a corrupted altar of Lugonu.
 20617 | Abyss:3  | Found a shimmering altar of Xom.
 20618 | Abyss:3  | Found a shimmering altar of Xom.
 20618 | Abyss:3  | Found a shimmering altar of Xom.
 20618 | Abyss:3  | Found a shimmering altar of Xom.
 20618 | Abyss:3  | Found a shimmering altar of Xom.
 20737 | Depths:2 | Escaped the Abyss
 20768 | Depths:2 | Reached skill level 5 in Fighting
 21098 | Depths:2 | Noticed a bone dragon
 21120 | Depths:2 | Killed a bone dragon
 21333 | Depths:1 | Found a one-way gate leading to the halls of Pandemonium.
 21427 | Depths:1 | Reached skill level 20 in Unarmed Combat
 21750 | D:11     | Noticed an unseen horror
 21755 | D:11     | Killed an unseen horror
 21950 | Snake:1  | Entered Level 1 of the Snake Pit
 22535 | Snake:4  | Found a frozen archway.
 22581 | IceCv    | Entered an ice cave
 23001 | IceCv    | Reached XP level 19. HP: 171/171 MP: 22/22
 23138 | Snake:5  | Entered Level 5 of the Snake Pit
 23675 | Snake:5  | Reached skill level 21 in Unarmed Combat
 24115 | Snake:5  | Got a serpentine rune of Zot
 24356 | Snake:2  | Found an iron altar of Okawaru.
 24469 | Snake:2  | Noticed Vashnia
 24582 | Lair:5   | Killed a five-headed hydra
 24937 | Lair:6   | Noticed a six-headed hydra
 24962 | Lair:6   | Killed a six-headed hydra
 24983 | Lair:6   | Found a staircase to the Slime Pits.
 24984 | Lair:6   | Found a viscous altar of Jiyva.
 25055 | Slime:1  | Entered Level 1 of the Pits of Slime
 25212 | Slime:6  | Entered Level 6 of the Pits of Slime
 25264 | Slime:6  | Noticed the royal jelly
 25272 | Slime:6  | Found a viscous altar of Jiyva.
 25355 | Slime:6  | Killed the royal jelly
 25355 | Slime:6  | Reached skill level 22 in Unarmed Combat
 25380 | Slime:6  | Reached XP level 20. HP: 102/187 MP: 10/23
 25435 | Slime:6  | Got a slimy rune of Zot
 25448 | Slime:6  | Identified the Disquisition on Weightlessness and Battle Magic (You found it on level 6 of the Pits of Slime)
 26050 | Lair:3   | Found a staircase to the Swamp.
 26063 | Swamp:1  | Entered Level 1 of the Swamp
 26173 | Swamp:1  | Noticed Rupert
 26185 | Swamp:1  | Killed Rupert
 26200 | Swamp:1  | Noticed Josephine
 26212 | Swamp:1  | Killed Josephine
 26513 | Swamp:5  | Entered Level 5 of the Swamp
 26520 | Swamp:5  | Noticed Frances
 26673 | Swamp:4  | Reached skill level 10 in Fighting
 26711 | Swamp:5  | Killed Frances
 26910 | Swamp:5  | Noticed the 27-headed Lernaean hydra
 26926 | Swamp:5  | Killed the 26-headed Lernaean hydra
 26933 | Swamp:5  | Got a decaying rune of Zot
 27091 | Swamp:1  | Found a shadowy altar of Dithmenos.
 27440 | D:7      | Found a basalt altar of Yredelemnul.
 27448 | D:7      | Found a white marble altar of Elyvilon.
 27451 | D:7      | Found a glowing golden altar of the Shining One.
 27459 | D:7      | Fell from the grace of Makhleb
 27459 | D:7      | Became a worshipper of the Shining One
 27461 | D:7      | Upgraded the game from 0.15-a0-90-g85a0ca6 to 0.15-a0-94-g674142f
 27716 | Pan      | Entered Pandemonium
 27775 | Pan      | Found an exit through the horrors of the Abyss.
 27902 | Pan      | Reached skill level 23 in Unarmed Combat
 27999 | Pan      | Acquired the Shining One's first power
 28285 | Pan      | Noticed Xiolou Cumn the pandemonium lord
 28285 | Pan      | Found an exit through the horrors of the Abyss.
 28495 | Pan      | HP: 9/192 [Xiolou Cumn the pandemonium lord (9)]
 28739 | Pan      | Acquired the Shining One's second power
 29121 | Pan      | Reached XP level 21. HP: 175/201 MP: 24/24
 29173 | Pan      | Noticed Nostriahu the pandemonium lord
 29212 | Pan      | Killed Nostriahu the pandemonium lord
 29491 | Pan      | Found an exit through the horrors of the Abyss.
 29537 | Pan      | Acquired the Shining One's third power
 29560 | Pan      | Reached skill level 24 in Unarmed Combat
 29590 | Pan      | Found an exit through the horrors of the Abyss.
 29736 | Pan      | Noticed Susoebbu the pandemonium lord
 29775 | Pan      | Killed Susoebbu the pandemonium lord
 29921 | Pan      | Got a demonic rune of Zot
 30230 | Pan      | Entered the realm of Gloorx Vloq.
 30316 | Pan      | Acquired the Shining One's fourth power
 30548 | Pan      | Noticed Gloorx Vloq
 30569 | Pan      | Got a dark rune of Zot
 30609 | Pan      | Entered the realm of Cerebov.
 30684 | Pan      | Found an exit through the horrors of the Abyss.
 30861 | Pan      | Got a warped tin ring
 30954 | Pan      | Noticed Cerebov
 31158 | Pan      | Got a fiery rune of Zot
 31364 | Pan      | Noticed Citoum the pandemonium lord
 31412 | Pan      | Identified the ring of Greed {rF+ Dex+2 Acc+3} (You found it in Pandemonium)
 31446 | Pan      | Reached XP level 22. HP: 208/208 MP: 27/27
 31862 | Pan      | Found an exit through the horrors of the Abyss.
 31987 | Pan      | Found an exit through the horrors of the Abyss.
 31995 | Pan      | Entered the realm of Lom Lobon.
 32024 | Pan      | Found an exit through the horrors of the Abyss.
 32171 | Pan      | Noticed Lom Lobon
 32265 | Pan      | Reached skill level 25 in Unarmed Combat
 32266 | Pan      | Got a magical rune of Zot
 32426 | Pan      | Found an exit through the horrors of the Abyss.
 32646 | Pan      | Noticed Ignacio
 32669 | Pan      | Killed Ignacio
 32710 | Pan      | Noticed Zaqeimme the pandemonium lord
 33207 | Pan      | Noticed Vazew the pandemonium lord
 33316 | Pan      | Was forgiven by Makhleb
 33479 | Pan      | Noticed Stammasm the pandemonium lord
 33701 | Pan      | Found an exit through the horrors of the Abyss.
 33718 | Pan      | Entered the realm of Mnoleg.
 33813 | Pan      | Noticed Mnoleg
 33868 | Pan      | Found an exit through the horrors of the Abyss.
 33904 | Pan      | Reached XP level 23. HP: 175/220 MP: 29/29
 33996 | Pan      | Got a glowing rune of Zot
 33998 | Pan      | Gained mutation: You occasionally shout uncontrollably. [a cacodemon]
 34043 | Pan      | Took an exit into the Abyss.
 34043 | Abyss:1  | Escaped into the Abyss
 34137 | Abyss:2  | Found a corrupted altar of Lugonu.
 34189 | Depths:1 | Escaped the Abyss
 34190 | Depths:1 | Upgraded the game from 0.15-a0-94-g674142f to 0.15-a0-110-gb05c47c
 34218 | Zig:1    | Entered Level 1 of a ziggurat
 34220 | Zig:1    | Paralysed by a sphinx for 4 turns
 34261 | Zig:2    | Entered Level 2 of a ziggurat
 34282 | Zig:2    | Reached skill level 10 in Evocations
 34301 | Zig:3    | Entered Level 3 of a ziggurat
 34331 | Zig:4    | Entered Level 4 of a ziggurat
 34378 | Zig:5    | Entered Level 5 of a ziggurat
 34402 | Zig:5    | HP: 8/221 [hellion/burst of hellfire (31)]
 34402 | Zig:5    | Killed from afar by a balrug

Action                   |  1- 3 |  4- 6 |  7- 9 | 10-12 | 13-15 | 16-18 | 19-21 | 22-24 || total
-------------------------+-------+-------+-------+-------+-------+-------+-------+-------++-------
Melee: Unarmed           |    47 |    99 |   447 |   856 |  2348 |  2530 |  2187 |   833 ||  9347
Throw: Throwing net      |       |     1 |       |     1 |     1 |     2 |       |       ||     5
       Large rock        |       |       |       |     4 |    20 |     2 |     2 |       ||    28
 Cast: Apportation       |       |       |       |       |       |     9 |    12 |       ||    21
Invok: Lesser Servant of |       |       |       |     1 |     5 |     3 |     2 |       ||    11
       Greater Servant o |       |       |       |       |     1 |     9 |     3 |       ||    13
       Major Destruction |       |       |       |       |       |     3 |       |       ||     3
       Minor Destruction |       |       |       |       |       |       |     8 |       ||     8
 Abil: Evoke Teleportati |       |       |       |       |       |       |    24 |   101 ||   125
Evoke: Wand              |       |       |     3 |     1 |    18 |    21 |    25 |     7 ||    75
       Lamp of fire      |       |       |       |       |     2 |     6 |     9 |     1 ||    18
       Fan of gales      |       |       |       |       |     2 |     4 |     1 |       ||     7
  Use: Potion            |     2 |     1 |       |    10 |     9 |    12 |    16 |     5 ||    55
       Scroll            |       |       |       |    20 |    34 |    23 |    21 |    14 ||   112
 Stab: Sleeping          |       |       |     1 |       |       |       |       |       ||     1
       Betrayed ally     |       |       |       |     1 |       |       |       |       ||     1
       Distracted        |       |       |       |       |     2 |     2 |     4 |       ||     8
       Held in net/web   |       |       |       |       |       |     2 |       |       ||     2
       Invisible         |       |       |       |       |       |     1 |       |       ||     1
